 Dungeon Crawl Stone Soup version 0.30-a0-1164-ge08a67761e (webtiles) character file.

Game seed: 17545251741578509635

1383 Mesmaeker13 the Insei (level 8, 0/55 HPs)
             Began as an Octopode Transmuter on Apr 29, 2023.
             Slain by a gnoll
             ... wielding a +0 spear
             ... led by a gnoll bouda
              (3 damage)
             ... on level 4 of the Dungeon.
             The game lasted 00:07:39 (5243 turns).

Mesmaeker13 the Insei (Octopode Transmuter)         Turns: 5243, Time: 00:07:40

Health: 0/55       AC:  1    Str:  9    XL:     8   Next: 67%
Magic:  9/11       EV: 13    Int: 18    God:
Gold:   324        SH:  0    Dex: 12    Spells: 4/11 levels left

rFire   . .          .
                       - Unarmed
rCold   . . .        (no shield)
rNeg    . . .        (helmet restricted)
rPois   .            (no amulet)
rElec   .            (no ring)
rCorr   .            (no ring)
SInv    .            (no ring)
Will    .....        (no ring)
Stlth   ++           (no ring)
HPRegen 0.29/turn    (no ring)
MPRegen 0.12/turn    (no ring)
                     (no ring)

%: no passive effects
@: about to teleport
A: almost no armour, amphibious, 8 rings, camouflage 1, gelatinous body 1,
(nimble swimmer 1), tentacles
a: no special abilities


You were on level 4 of the Dungeon.
You visited 1 branch of the dungeon, and saw 5 of its levels.

You collected 324 gold pieces.

Inventory:

Missiles
 j - 15 poisoned darts (quivered)
Wands
 l - a wand of mindburst (2)
 p - a wand of charming (4)
 t - a wand of polymorph (10)
Scrolls
 c - a scroll of poison
 f - a scroll of magic mapping {unknown}
 i - a scroll of fear {unknown}
 k - a scroll of enchant weapon
 o - a scroll of teleportation
 r - a scroll of noise {unknown}
Potions
 a - 3 potions of lignification
 b - a potion of haste
 d - 3 potions of curing
 e - a potion of heal wounds {unknown}
 g - a potion of resistance
 h - 3 potions of flight
 m - a potion of magic {unknown}
 n - a potion of invisibility {unknown}
 q - a potion of attraction {unknown}
 s - 2 potions of might {unknown}


   Skills:
 + Level 5.2 Fighting
 - Level 2.0 Dodging
 + Level 6.1 Unarmed Combat
 - Level 2.0 Spellcasting
 + Level 5.5 Transmutations
 + Level 4.5 Ice Magic


You had 4 spell levels left.
You knew the following spells:

 Your Spells              Type           Power      Damage    Failure   Level
a - Beastly Appendage     Tmut           42%        N/A       1%          1
b - Wereblood             Tmut           21%        N/A       2%          2
c - Ice Form              Ice/Tmut       19%        N/A       22%         4

Your spell library contained the following spells:

 Spells                   Type           Power      Damage    Failure   Level
 Spider Form              Tmut/Pois      11%        N/A       17%         3
 Foxfire                  Conj/Fire      4%         2x1d4     19%         1
 Necrotise                Necr           4%         1d4       19%         1
 Shock                    Conj/Air       4%         1d3       19%         1
 Inner Flame              Hex/Fire       1%         N/A       47%         3
 Summon Guardian Golem    Hex/Summ       1%         N/A       47%         3
 Swiftness                Air            1%         N/A       47%         3
 Tukima's Dance           Hex            1%         N/A       47%         3
 Vampiric Draining        Necr           1%         2d6       47%         3
 Airstrike                Air            0%         2d(1-17)  87%         4
 Passage of Golubria      Tloc           1%         N/A       87%         4
 Yara's Violent Unravell  Hex/Tmut       5%         3d4       85%         5
 Agony                    Necr           1%         N/A       99%         5
 Fireball                 Conj/Fire      0%         3d3       99%         5
 Plasma Beam              Fire/Air       0%         2x1d11    100%        6
 Starburst                Conj/Fire      0%         6d3       100%        6
 Enfeeble                 Hex            0%         N/A       100%        7
 Orb of Destruction       Conj           0%         9d5       100%        7
 Spellforged Servitor     Conj/Summ      0%         N/A       100%        7


Dungeon Overview and Level Annotations

Branches:
Dungeon (5/15)
 Temple: D:4-7

Altars:
Hepliaklqana
Qazlal
Xom
Zin

Shops:
D:2 *

Annotations:
D:2 2 exclusions, Sigmund
D:5 2 transporters, Xtruder99's ghost, amateur OpTm


Innate Abilities, Weirdness & Mutations

You cannot wear most types of armour.
You are amphibious.
You can wear up to eight rings at the same time.
Your skin changes colour to match your surroundings (Stealth+).
Your rubbery body absorbs attacks. (AC +1, EV +1)
((You are camouflaged when in or above water. (Stealth+)))
You have tentacles for arms and can constrict up to eight enemies at once.


Message History

The gnoll bouda barks out a call to the hunt!
You hear a shout! x3
You completely miss the gnoll bouda.
The gnoll bouda is almost dead.
The gnoll closely misses you.
The gnoll bouda hits you with a +0 club!
You hit the gnoll bouda. You freeze the gnoll bouda.
You kill the gnoll bouda!
The gnoll is no longer moving quickly.
A gnoll comes into view. It is wielding a +0 spear.
The gnoll barely misses you.
A gnoll comes into view. It is wielding a +0 halberd.
The gnoll hits you but does no damage. The gnoll completely misses you.
The gnoll hits you but does no damage. x2
Things that are here:
a +0 club; a +0 robe; a gnoll corpse You punch the gnoll!
You freeze the gnoll.
The gnoll is severely wounded.
The gnoll is no longer moving quickly.
The gnoll closely misses you.
The gnoll hits you from afar with a +0 spear.
The gnoll hits you from afar with a +0 halberd!
You punch the gnoll! You freeze the gnoll.
You kill the gnoll!
The gnoll hits you from afar with a +0 spear.
The gnoll barely misses you.
The gnoll hits you from afar with a +0 halberd!
* * * LOW HITPOINT WARNING * * *
The gnoll barely misses you.
As you read the scroll of teleportation, it crumbles to dust.
You feel strangely unstable.
You warm up again.
The gnoll hits you from afar with a +0 spear.
* * * LOW HITPOINT WARNING * * *
The gnoll hits you from afar with a +0 spear!
* * * LOW HITPOINT WARNING * * *
You feel better.
The gnoll hits you from afar with a +0 spear.
* * * LOW HITPOINT WARNING * * *
The gnoll hits you from afar with a +0 spear.
You die...

#.....>#.##..#.........).........
#......####..#..............##...
#....#..###.................##...
##...##.##...#.................##
#....#......#..................#
##.. #......##......)...##.##...#
#####........#...g.............#
#...........###)gg...##.#......
##............)@)###..##....#...
..#.....).....#..# ##.......# ..
.$............###.# #........
..............# #..# ##.g.....
...........#..# #..# .>g....
.........###.## .... .......
.............## #.... .......
........>.....# ###... .......
.............#### ... .......


You could see 3 gnolls.

Vanquished Creatures
  Eustachio (D:4)
  Menkaure (D:4)
  A water moccasin (D:5)
  2 centaurs (D:5)
  A phantom (D:5)
  5 scorpions
  2 hounds
  An orc priest (D:5)
  A gnoll bouda (D:4)
  A sleepcap (D:4)
  Jessica (D:3)
  Ijyb (D:4)
  2 iguanas (D:5)
  Robin (D:3)
  6 gnolls
  6 adders
  A shadow imp (D:5)
  An ufetubus (D:5)
  3 worms
  3 dart slugs
  6 orcs
  4 ball pythons (D:1)
  5 bats
  12 endoplasms
  4 giant cockroaches
  18 goblins
  8 hobgoblins
  3 jackals (D:1)
  5 quokkas
  3 frilled lizards
  7 kobolds
  9 rats
125 creatures vanquished.

Vanquished Creatures (others)
  29 plants (D:5)
29 creatures vanquished.

Grand Total: 154 creatures vanquished

Notes
Turn   | Place    | Note
-------+----------+-------------------------------------------
     0 | D:1      | Mesmaeker13 the Octopode Transmuter began the quest for the
                  | Orb.
     0 | D:1      | Reached XP level 1. HP: 13/13 MP: 3/3
   111 | D:1      | Reached XP level 2. HP: 17/18 MP: 3/5
   160 | D:1      | Learned a level 2 spell: Wereblood
   432 | D:1      | Reached XP level 3. HP: 23/24 MP: 4/6
  1340 | D:2      | Found Guuzxos's General Store.
  1389 | D:2      | Reached XP level 4. HP: 26/29 MP: 5/7
  1676 | D:2      | Noticed Sigmund
  1786 | D:3      | Learned a level 4 spell: Ice Form
  1902 | D:3      | Noticed Jessica
  1913 | D:3      | Killed Jessica
  2001 | D:3      | Reached XP level 5. HP: 30/35 MP: 8/8
  2083 | D:3      | Reached skill level 1 in Ice Magic
  2105 | D:3      | Reached skill level 4 in Unarmed Combat
  2293 | D:3      | Noticed Robin
  2300 | D:3      | Killed Robin
  2301 | D:3      | Reached XP level 6. HP: 40/42 MP: 7/9
  2603 | D:4      | Noticed Ijyb
  2609 | D:4      | Killed Ijyb
  2619 | D:4      | Noticed Eustachio
  2695 | D:4      | Noticed Menkaure
  2698 | D:4      | Killed Menkaure
  2822 | D:5      | Entered Level 5 of the Dungeon
  2847 | D:5      | Reached XP level 7. HP: 47/47 MP: 5/10
  3117 | D:5      | Noticed Xtruder99's ghost (amateur OpTm)
  3123 | D:5      | Found a transporter.
  3130 | D:5      | Reached skill level 5 in Unarmed Combat
  3149 | D:5      | Found a transporter.
  3686 | D:5      | Reached XP level 8. HP: 30/54 MP: 7/11
  4022 | D:5      | Reached skill level 5 in Transmutations
  4746 | D:5      | Found a glowing silver altar of Zin.
  4749 | D:5      | Found a shimmering altar of Xom.
  4750 | D:5      | Found a hazy altar of Hepliaklqana.
  4751 | D:5      | Found a stormy altar of Qazlal.
  4996 | D:4      | Killed Eustachio
  4997 | D:4      | Reached skill level 5 in Fighting
  4997 | D:4      | Reached skill level 6 in Unarmed Combat
  5242 | D:4      | HP: 1/55 [gnoll/+0 spear[a gnoll bouda] (8)]
  5243 | D:4      | Slain by a gnoll

Illustrated notes

Levels and vault maps discovered:
D:1:      heliophobic_arrival_battle_scene, layout_loops_ring,
          grunt_decor_resistance, minmay_pentomino_w2
D:2:      layout_basic, serial_shops, nicolae_shop_advertising_works
          [nicolae_subvault_shop_adworks], uniq_sigmund
D:3:      layout_rooms, st_stairs_1, chequers_jeans, guppyfry_early_orc_mine,
          uniq_robin, uniq_jessica
D:4:      layout_cave_pools, uniq_menkaure, uniq_eustachio, uniq_ijyb
D:5:      layout_layer_cave, mainiacjoe_overflow_alcove_3,
          gammafunk_ghost_arena, minivault_19, serial_bayou_lagoon_a

Skill      XL: |  1  2  3  4  5  6  7  8 |
---------------+-------------------------+-----
Fighting       | 2 3 4 5 |  5.2
Transmutations | 3 4 5 |  5.5
Ice Magic      | 1 2 3 4 |  4.5
Unarmed Combat | 4 5 6 |  6.1
Dodging        | |  2.0
Spellcasting   | |  2.0

Action                     |  1- 3 |  4- 6 |  7- 9 || total
---------------------------+-------+-------+-------++-------
  Melee: Unarmed           |    86 |    87 |   104 ||   277
         Constrict         |    22 |    21 |    17 ||    60
         Tentacles         |    12 |    13 |    12 ||    37
         Kick              |    24 |    25 |    31 ||    80
         Punch             |     5 |     1 |     3 ||     9
  Throw: Dart              |       |     5 |    15 ||    20
   Cast: Beastly Appendage |    32 |    24 |    17 ||    73
         Wereblood         |       |     2 |     4 ||     6
         Ice Form          |       |     1 |     5 ||     6
  Evoke: Wand              |       |     5 |     1 ||     6
    Use: Scroll            |     2 |     1 |     5 ||     8
         Potion            |       |       |     1 ||     1
   Stab: Sleeping          |     5 |     4 |     2 ||    11
 Armour: Skin              |     8 |     3 |    30 ||    41
  Dodge: Dodged            |    57 |    51 |    62 ||   170

Table legend: (Time is in decaauts)
 A = Elapsed time spent in this place.
 B = Non-inter-level travel time spent in this place.
 C = Inter-level travel time spent in this place.
 D = Time resting spent in this place.
 E = Time spent auto-exploring this place.
 F = Levels seen in this place.
 G = Mean time per level.
                   A        B        C        D        E       F      G
               +--------+--------+--------+--------+--------+-----+--------+
         Total |   5222 |   5081 |    141 |    796 |   3111 |   5 | 1044.4 |
       Dungeon |   5222 |   5081 |    141 |    796 |   3111 |   5 | 1044.4 |
               +--------+--------+--------+--------+--------+-----+--------+

Top non-repeatable levels by time:
     D:5: 2031 daAuts
     D:1: 962 daAuts
     D:2: 874 daAuts
     D:3: 819 daAuts
     D:4: 534 daAuts
